 Dungeon Crawl Stone Soup version 0.31.0-32-g396128a36d (webtiles) character file.

Game seed: 12584992836392476584

140 smashvw the Cutter (level 5, -3/33 HPs)
             Began as a Kobold Monk on Apr 7, 2024.
             Slain by Robin
             ... wielding a +6 spear of venom
              (11 damage)
             ... on level 3 of the Dungeon.
             The game lasted 00:04:58 (2686 turns).

smashvw the Cutter (Kobold Monk)                    Turns: 2686, Time: 00:04:58

Health: -3/33      AC:  3    Str:  8    XL:     5   Next: 46%
Magic:  5/5        EV: 17    Int: 12    God:
Gold:   61         SH:  0    Dex: 19    Spells: 4/4 levels left

rFire   + . .        a - +0 short sword
rCold   . . .        d - orb {light}
rNeg    . . .        f - +1 robe {rF+}
rPois   .            (no helmet)
rElec   .            (no cloak)
rCorr   .            (no gloves)
SInv    .            (no boots)
Will    .....        (no amulet)
Stlth   ++           (no ring)
HPRegen 0.25/turn    (no ring)
MPRegen 0.09/turn

%: no passive effects
@: lethally poisoned (-3 -> -6), glowing
A: small, no large weapons, nightstalker 3
a: no special abilities


You were on level 3 of the Dungeon.
You visited 1 branch of the dungeon, and saw 3 of its levels.

You collected 61 gold pieces.

Inventory:

Hand Weapons
 a - a +0 short sword (weapon)
Armour
 b - a +0 robe
 d - an orb of light (worn)
 f - a +1 robe of fire resistance (worn)
Scrolls
 g - 2 scrolls of enchant armour {unknown}
 j - 2 scrolls of poison {unknown}
 k - a scroll of fear {unknown}
 l - a scroll of summoning {unknown}
 m - a scroll of identify {unknown}
Potions
 e - 2 potions of enlightenment {unknown}
 h - a potion of magic {unknown}
 i - a potion of curing {unknown}


   Skills:
 + Level 4.2 Fighting
 + Level 5.1 Short Blades
 + Level 4.6 Dodging
 + Level 3.1 Stealth


You had 4 spell levels left.
You didn't know any spells.
Your spell library was empty.

Dungeon Overview and Level Annotations

Branches:
Dungeon (3/15)

Altars:
Qazlal

Shops:
D:3 *

Annotations:
D:3 Grinder, Robin


Innate Abilities, Weirdness & Mutations

You are small and have problems with some larger weapons.
You are completely attuned to the shadows.


Message History

The hobgoblin goes into a battle-frenzy!
You are confused.
You feel invigorated.
You feel sick. The goblin completely misses you. Robin completely misses you.
You're too confused to move!
You feel sick. The goblin hits you with a +0 club.
A hobgoblin comes into view.
Robin hits you with a +6 spear of venom!
* * * LOW HITPOINT WARNING * * *
You are lethally poisoned!
You hit Robin but do no damage.
* * * LOW HITPOINT WARNING * * *
You feel very sick. The goblin closely misses you. The hobgoblin misses you.
Robin roars a battlecry!
A goblin comes into view. It is wielding a +0 club.
* * * LOW HITPOINT WARNING * * *
You feel very sick. The hobgoblin completely misses you.
Robin throws the goblin at you!
You feel sick. Robin closely misses you. The hobgoblin hits you.
* * * LOW HITPOINT WARNING * * *
* * * LOW HITPOINT WARNING * * *
You feel very sick. The goblin hits you with a +0 club.
* * * LOW HITPOINT WARNING * * *
Robin hits you with a +6 spear of venom.
* * * LOW HITPOINT WARNING * * *
The hobgoblin misses you. The hobgoblin barely misses you.
Things that are here:
a +0 dagger; a hobgoblin corpse You bump into the rock wall.
* * * LOW HITPOINT WARNING * * *
You feel sick. The goblin completely misses you. Robin closely misses you.
The hobgoblin completely misses you.
You closely miss Robin.
You feel sick. The goblin closely misses you.
You're too confused to move!
You feel less invigorated.
You feel less confused.
You feel sick.
Robin hits you with a +6 spear of venom!
You die...
Robin calls out, "Let's celebrate!
Time for a feast!"

.# #.#.##
#.......## ##.##.#
.# #.....## ####.#
## ##...## #.#
##'## #.# #.### #.#
#...##########.#
##..............#
###....############
##g@g...#
...ggg...#
###.g....# #.#....#
#.#....# # ##.#.#


You could see Robin, 3 hobgoblins and 2 goblins.

Vanquished Creatures
  An orc wizard (D:3)
  6 adders
  3 dart slugs
  4 ribbon worms
  3 orcs (D:3)
  A ball python (D:2)
  2 endoplasms
  2 giant cockroaches
  7 hobgoblins
  A quokka (D:1)
  2 bats (D:2)
  4 frilled lizards
  6 goblins
  2 kobolds (D:1)
  2 rats (D:1)
46 creatures vanquished.

Notes
Turn   | Place    | Note
-------+----------+-------------------------------------------
     0 | D:1      | smashvw the Kobold Monk began the quest for the Orb.
     0 | D:1      | Reached XP level 1. HP: 14/14 MP: 1/1
   578 | D:1      | Reached XP level 2. HP: 15/19 MP: 2/2
   777 | D:1      | Found a faded altar of an unknown god.
   871 | D:1      | Reached skill level 1 in Stealth
  1335 | D:2      | Reached XP level 3. HP: 22/23 MP: 3/3
  1767 | D:2      | Reached XP level 4. HP: 29/29 MP: 4/4
  2235 | D:3      | Reached XP level 5. HP: 31/33 MP: 5/5
  2253 | D:3      | Reached skill level 5 in Short Blades
  2271 | D:3      | Found a stormy altar of Qazlal.
  2478 | D:3      | Found Gozag's Platinum Reserve.
  2496 | D:3      | Noticed Grinder
  2666 | D:3      | Noticed Robin
  2683 | D:3      | HP: 1/33 [Robin/+6 spear of venom (5)]
  2686 | D:3      | Slain by Robin

Illustrated notes

Levels and vault maps discovered:
D:1:      dpeg_arrival_three_smaller_balls, layout_basic,
          hellmonk_ecumenical_altar_arch_garden
D:2:      layout_basic, interstate_on_off, minmay_misc_feat_four_crosses
D:3:      layout_loops_corners, mainiacjoe_overflow_24_doors,
          mainiacjoe_overflow_catwalk, nicolae_gozag_zags_fifth_avenue,
          supply_closet_lemuel, uniq_grinder, uniq_robin

Skill      XL: |  1  2  3  4  5 |
---------------+----------------+-----
Stealth        | 1 2 3 |  3.1
Dodging        | 4 |  4.6
Fighting       | 4 |  4.2
Short Blades   | 5 |  5.1

Action                     |  1- 3 |  4- 6 || total
---------------------------+-------+-------++-------
  Melee: Short sword       |    77 |    97 ||   174
    Use: Potion            |       |     1 ||     1
   Stab: Sleeping          |     4 |     5 ||     9
 Armour: Robe              |    11 |    28 ||    39
  Dodge: Dodged            |    40 |    58 ||    98
